 Dungeon Crawl Stone Soup version 0.31-a0-819-gf6de2f5ab6 (webtiles) character file.

Game seed: 13729171467998377007

37 qw the Shooter (level 3, -1/22 HPs)
             Began as a Gargoyle Hunter on Sept 23, 2023.
             Slain by Terence
             ... wielding a +0 flail
              (8 damage)
             ... on level 2 of the Dungeon.
             The game lasted 00:00:23 (674 turns).

qw the Shooter (Gargoyle Hunter)                     Turns: 674, Time: 00:00:24

Health: -1/22      AC:  6    Str: 14    XL:     3   Next: 39%
Magic:  3/3        EV: 11    Int:  9    God:
Gold:   112        SH:  0    Dex: 15    Spells: 2/2 levels left

rFire   . . .        Y - +0 shortbow
rCold   . . .        (shield currently unavailable)
rNeg    + . .        c - +0 leather armour
rPois   inf          (no helmet)
rElec   +            (no cloak)
rCorr   .            (no gloves)
SInv    .            (no boots)
Will    .....        (no amulet)
Stlth   ++           (no ring)
HPRegen 0.23/turn    (no ring)
MPRegen 0.08/turn

%: no passive effects
@: no status effects
A: sickness immunity, AC +3, negative energy resistance 1, electricity
resistance, torment resistance 1, petrification resistance
a: no special abilities


You were on level 2 of the Dungeon.
You visited 1 branch of the dungeon, and saw 2 of its levels.

You collected 112 gold pieces.


Innate Abilities, Weirdness & Mutations

You are immune to sickness and miasma.
Your stone body is resilient. (AC +3)
You are immune to poison.
You resist negative energy. (rN+)
You are resistant to electric shocks. (rElec)
You are resistant to unholy torment.
You are immune to petrification.


   Skills:
 + Level 2.3 Fighting
 - Level 5.1 Ranged Weapons
 - Level 1.5 Dodging
 - Level 1.1 Stealth


You had 2 spell levels left.
You didn't know any spells.
Your spell library was empty.

Inventory:

Hand Weapons
 Y - a +0 shortbow (weapon)
Armour
 c - a +0 leather armour (worn)
Scrolls
 a - a scroll of enchant armour {unknown}
 f - a scroll of teleportation
Potions
 b - a potion of lignification {unknown}
 e - a potion of might {unknown}
 i - a potion of brilliance {unknown}

Dungeon Overview and Level Annotations

Branches:
Dungeon (2/15)

Altars:

Annotations:
D:2 Terence


Message History

You kill the hobgoblin!
You shoot an arrow. The arrow closely misses the hobgoblin.
The hobgoblin barely misses you.
You shoot an arrow. The arrow hits the hobgoblin.
You kill the hobgoblin!
You shoot an arrow. The arrow hits the ball python.
The ball python is moderately wounded.
You shoot an arrow.
The arrow closely misses the ball python.
The ball python closely misses you. The ball python barely misses you.
You shoot an arrow. The arrow hits the ball python.
You kill the ball python!
Terence the Incautious comes into view.
He is wielding a +0 flail.
Terence shouts!
You hear a shout!
A goblin comes into view. It is wielding a +0 dagger.
You shoot an arrow. The goblin shouts!
The arrow hits Terence.
Terence is moderately wounded.
You hear a shout!
A dart slug comes into view.
A giant cockroach comes into view.
You shoot an arrow.
The arrow hits Terence but does no damage.
Terence is moderately wounded.
Terence hits you with a +0 flail! Terence hits you with a +0 flail.
A kobold comes into view. It is wielding a +0 whip.
You shoot an arrow. The arrow barely misses Terence.
The arrow hits the giant cockroach.
The giant cockroach is heavily wounded.
Terence closely misses you.
A kobold comes into view. It is wielding a +0 short sword.
You shoot an arrow.
The arrow hits Terence but does no damage.
Terence is moderately wounded.
Terence hits you with a +0 flail.
You shoot an arrow. The arrow closely misses Terence.
The arrow hits the giant cockroach.
The giant cockroach is almost dead.
Terence hits you with a +0 flail!
You die...

#.#.......
#.######## .#
#..########..
#.##.##........
#..............
####.#.........
...#.........
..##.#.........
## ####@.......
.....g@........
#####B###.#####
.K. .# .w# .+
#.. ## ... ##


You could see Terence, a dart slug, a giant cockroach, a goblin and a kobold.

Vanquished Creatures
  An adder (D:2)
  4 ball pythons
  A giant cockroach (D:2)
  6 goblins
  4 hobgoblins
  A kobold (D:2)
  5 bats (D:1)
  A frilled lizard (D:1)
  4 rats (D:1)
27 creatures vanquished.

Notes
Turn   | Place    | Note
-------+----------+-------------------------------------------
     0 | D:1      | qw the Gargoyle Hunter began the quest for the Orb.
     0 | D:1      | Reached XP level 1. HP: 12/12 MP: 1/1
     0 | D:1      | 0 ||| qw: Version: 0.3-a-83-gcd0e7d8
     0 | D:1      | 0 ||| qw: Game counter: 1477
     0 | D:1      | 0 ||| qw: Melee chars always use a shield: true
     0 | D:1      | 0 ||| qw: God list: Okawaru
     0 | D:1      | 0 ||| qw: Allow faded altars: false
     0 | D:1      | 0 ||| qw: Do Orc after clearing Dungeon:15 true
     0 | D:1      | 0 ||| qw: Do second Lair branch before Depths: true
     0 | D:1      | 0 ||| qw: Lair rune preference: random
     0 | D:1      | 0 ||| qw: Goals: Normal
     0 | D:1      | 0 ||| PLANNING D:1-11
   196 | D:1      | Reached XP level 2. HP: 17/17 MP: 2/2
   210 | D:1      | Found a faded altar of an unknown god.
   531 | D:1      | 531 ||| READING scroll labelled OBEHEI WAADET.
   532 | D:1      | 532 ||| READING 2 scrolls labelled DIRYPE FIYLET.
   536 | D:1      | 536 ||| READING scroll labelled IDDUGR XUOM.
   537 | D:1      | 537 ||| READING scroll labelled LAPHO GETIO.
   538 | D:1      | 538 ||| READING scroll labelled ZOGHIU OCESAPH.
   539 | D:1      | 539 ||| READING scroll labelled GAMURAO EGAIHE.
   540 | D:1      | 540 ||| DROPPING scroll of butterflies.
   589 | D:2      | Reached XP level 3. HP: 21/21 MP: 3/3
   641 | D:2      | Reached skill level 5 in Ranged Weapons
   669 | D:2      | Noticed Terence
   674 | D:2      | Slain by Terence

Levels and vault maps discovered:
D:1:      matt_arrival_los_fun, layout_basic,
          shapermc_ecumenical_altar_mp_urbaneastern, hangedman_glass_teeth
D:2:      layout_basic, minmay_gold_behind_fungi, minmay_misc_feat_rows,
          uniq_terence

Skill      XL: |  1  2  3 |
---------------+----------+-----
Ranged Weapons | 5 |  5.1
Fighting       | |  2.3
Dodging        | |  1.5
Stealth        | |  1.1

Action                     || total
---------------------------++-------
   Fire: Shortbow          ||    95
    Use: Scroll            ||     6
 Armour: Leather armour    ||    17
  Dodge: Dodged            ||    18

Table legend:
 A = Non-vault XP
 B = Vault XP
 C = Vault XP percentage of total XP
 D = Non-vault monster count
 E = Vault monster count
 F = Vault count percentage of total count
                 A         B        C        D         E       F
            +---------+---------+-------+---------+---------+-------
      Total |      53 |       0 |   0.0 |      27 |       0 |   0.0
            +---------+---------+-------+---------+---------+-------
        D:1 |      26 |       0 |   0.0 |      18 |       0 |   0.0
        D:2 |      27 |       0 |   0.0 |       9 |       0 |   0.0
            +---------+---------+-------+---------+---------+-------
